 Dungeon Crawl Stone Soup version 0.31.0-9-g3a7656b989 (webtiles) character file.

Game seed: 10265846807104604523

673 qw the Shooter (level 7, 0/35 HPs)
             Began as a Spriggan Hunter on Feb 2, 2024.
             Incinerated by a bombardier beetle (3 damage)
             ... with a burning spray
             ... on level 5 of the Dungeon.
             The game lasted 00:00:12 (3340 turns).

qw the Shooter (Spriggan Hunter)                    Turns: 3340, Time: 00:00:12

Health: 0/35       AC:  2    Str:  7    XL:     7   Next: 33%
Magic:  8/8        EV: 27    Int: 11    God:
Gold:   163        SH:  0    Dex: 20    Spells: 6/6 levels left

rFire   . . .        a - +2 shortbow
rCold   . . .        (shield currently unavailable)
rNeg    . . .        c - +0 robe
rPois   .            (helmet restricted)
rElec   .            (no cloak)
rCorr   .            (gloves unavailable)
SInv    +            (boots unavailable)
Will    +....        (no amulet)
Stlth   +            k - +5 ring of evasion
HPRegen 0.25/turn    (no ring)
MPRegen 0.11/turn

%: no passive effects
@: on fire, glowing, very quick
A: very small, no large weapons, unfitting armour, see invisible, speed 3
a: no special abilities


You were on level 5 of the Dungeon.
You visited 1 branch of the dungeon, and saw 5 of its levels.

You collected 163 gold pieces.


Innate Abilities, Weirdness & Mutations

You are very small and have problems with some larger weapons.
You are too small for most types of armour.
You have supernaturally acute eyesight. (SInv)
You cover ground extremely quickly. (Speed+++)


   Skills:
 - Level 2.4 Fighting
 + Level 7.1 Ranged Weapons
 - Level 7.0 Dodging
 - Level 1.5 Stealth


You had 6 spell levels left.
You didn't know any spells.
Your spell library was empty.

Inventory:

Hand Weapons
 a - a +2 shortbow (weapon)
Armour
 c - a +0 robe (worn)
Jewellery
 k - a +5 ring of evasion (left hand)
 o - a ring of resist corrosion
Wands
 d - a wand of polymorph (3)
 p - a wand of mindburst (18)
Scrolls
 m - a scroll of identify
Potions
 b - a potion of ambrosia {unknown}
 e - a potion of cancellation
 f - a potion of enlightenment
 g - 2 potions of might
 h - a potion of brilliance {unknown}
 i - a potion of lignification {unknown}
 j - a potion of haste {unknown}
 l - a potion of curing {unknown}
 n - a potion of invisibility {unknown}

Dungeon Overview and Level Annotations

Branches:
Dungeon (5/15)
 Temple: D:4-7

Altars:
Dithmenos
Gozag
Nemelex Xobeh
Uskayaw
The Shining One

Shops:
D:4 =

Annotations:
D:3 2 runed translucent doors, qw's ghost, amateur DjHu
D:5 1 runed translucent door, Crazy Yiuf


Message History

Found a dagger.
A bombardier beetle comes into view.
The bombardier beetle moves out of view.
You shoot an arrow.
The arrow hits the bombardier beetle but does no damage.
You shoot an arrow. The arrow hits the bombardier beetle.
The bombardier beetle is moderately wounded.
You shoot an arrow. The arrow hits the bombardier beetle.
The bombardier beetle is moderately wounded.
The bombardier beetle sprays incendiary fluid at you.
The burning spray hits you.
You are covered in liquid fire!
You shoot an arrow. The arrow hits the bombardier beetle.
The bombardier beetle is heavily wounded.
The liquid fire burns you!
You shoot an arrow. The arrow hits the bombardier beetle.
The bombardier beetle is severely wounded.
The liquid fire burns you!
You shoot an arrow.
The arrow barely misses the bombardier beetle.
The liquid fire burns you!
You shoot an arrow.
The arrow hits the bombardier beetle but does no damage.
The bombardier beetle is severely wounded.
The liquid fire burns you!
You shoot an arrow. The arrow hits the bombardier beetle!
You kill the bombardier beetle!
The liquid fire burns you!
Your Dodging skill increases to level 7!
You are on fire!
The liquid fire burns you!
You are on fire!
The liquid fire burns you!
You are on fire!
The liquid fire burns you!
You are on fire!
The liquid fire burns you!
You are on fire!
The liquid fire burns you!
You die...

....... ...)...
.....###+#
....##..# .# ...
#..##..##^.##
##..##..##........
#..[>#....@..#.#..
#....#............
#...##..####.#.#.#
#..##'###.......#
##................
#.................
##..##############
#...##.#
#...'..##77777


There were no monsters in sight!

Vanquished Creatures
  Sigmund (D:2)
  A phantom (D:4)
  2 scorpions
  A hound (D:5)
  3 bombardier beetles
  2 iguanas
  Ijyb (D:5)
  5 adders
  2 dart slugs
  4 ribbon worms
  An orc (D:3)
  7 endoplasms
  5 giant cockroaches
  5 goblins
  5 hobgoblins
  5 ball pythons
  5 bats
  5 frilled lizards
  8 kobolds
  2 rats (D:1)
70 creatures vanquished.

Notes
Turn   | Place    | Note
-------+----------+-------------------------------------------
     0 | D:1      | qw the Spriggan Hunter began the quest for the Orb.
     0 | D:1      | Reached XP level 1. HP: 10/10 MP: 2/2
     0 | D:1      | 0 ||| qw: Version: 0.3-a-155-g5e7d8dd
     0 | D:1      | 0 ||| qw: Game counter: 1570
     0 | D:1      | 0 ||| qw: Melee chars always use a shield: true
     0 | D:1      | 0 ||| qw: God list: Okawaru
     0 | D:1      | 0 ||| qw: Allow faded altars: false
     0 | D:1      | 0 ||| qw: Do Orc after clearing Dungeon:15 true
     0 | D:1      | 0 ||| qw: Do second Lair branch before Depths: true
     0 | D:1      | 0 ||| qw: Lair rune preference: random
     0 | D:1      | 0 ||| qw: Goals: Normal
     0 | D:1      | 0 ||| PLANNING D:1-11
   156 | D:1      | Reached skill level 3 in Dodging
   206 | D:1      | Reached XP level 2. HP: 14/14 MP: 3/3
   590 | D:1      | 590 ||| READING scroll labelled GUEXEMPYRIVE.
   591 | D:1      | 591 ||| READING scroll labelled SAG ZIYTHUEDI.
   591 | D:1      | 591 ||| IDENTIFYING fizzy amethyst potion
   592 | D:1      | 592 ||| READING scroll labelled NELLYUMARCH.
   593 | D:1      | 593 ||| DROPPING scroll of butterflies.
   594 | D:1      | 594 ||| DROPPING potion of degeneration.
   688 | D:2      | Identified the +8 trident "Ukemnop" {spect, rElec rC+
                  | Str-3}
   699 | D:2      | Found an opulent altar of Gozag.
   912 | D:2      | Reached XP level 3. HP: 18/18 MP: 4/4
  1081 | D:2      | Noticed Sigmund
  1094 | D:2      | Killed Sigmund
  1095 | D:2      | Reached skill level 6 in Ranged Weapons
  1095 | D:2      | Reached XP level 4. HP: 11/22 MP: 5/5
  1095 | D:2      | Reached XP level 5. HP: 13/25 MP: 6/6
  1416 | D:2      | 1416 ||| READING 2 scrolls of identify.
  1416 | D:2      | 1416 ||| IDENTIFYING metallic pink potion
  1417 | D:2      | 1417 ||| READING scroll of identify.
  1417 | D:2      | 1417 ||| IDENTIFYING fuming white potion
  1418 | D:2      | 1418 ||| DRINKING 2 fizzy emerald potions.
  1487 | D:3      | Found a glowing golden altar of the Shining One.
  1608 | D:3      | Found a large runed translucent door.
  1608 | D:3      | Found a large runed translucent door.
  1610 | D:3      | Noticed qw's ghost (amateur DjHu)
  2057 | D:3      | 2057 ||| UPGRADING to +5 ring of evasion.
  2058 | D:3      | 2058 ||| READING scroll labelled LED ARCHASSETUV.
  2082 | D:3      | 2082 ||| READING scroll labelled LITHRE EH XUU.
  2082 | D:3      | 2082 ||| ENCHANTING +0 shortbow.
  2083 | D:3      | 2083 ||| READING scroll labelled WUIDDA CEKKE.
  2138 | D:4      | Reached XP level 6. HP: 20/32 MP: 7/7
  2368 | D:4      | Reached skill level 6 in Dodging
  2589 | D:4      | 2589 ||| READING scroll of enchant weapon.
  2589 | D:4      | 2589 ||| ENCHANTING +1 shortbow.
  2973 | D:4      | Found a sparkling altar of Nemelex Xobeh.
  2974 | D:4      | Found a hide-covered altar of Uskayaw.
  2977 | D:4      | Found a shadowy altar of Dithmenos.
  3114 | D:4      | Found Sulecad's Jewellery Shoppe.
  3122 | D:4      | 3122 ||| SHOPLISTING +4 ring of slaying (936 gold, have
                  | 163).
  3122 | D:4      | 3122 ||| SHOPLISTING +6 ring of strength (432 gold, have
                  | 163).
  3122 | D:4      | 3122 ||| SHOPLISTING amulet of reflection (360 gold, have
                  | 163).
  3122 | D:4      | 3122 ||| SHOPLISTING amulet of the acrobat (360 gold, have
                  | 163).
  3122 | D:4      | 3122 ||| SHOPLISTING ring of protection from cold (300
                  | gold, have 163).
  3122 | D:4      | 3122 ||| SHOPLISTING ring of protection from fire (300
                  | gold, have 163).
  3122 | D:4      | 3122 ||| READING scroll labelled SEITETI OWERI.
  3122 | D:4      | 3122 ||| ENCHANTING +2 shortbow.
  3154 | D:5      | Entered Level 5 of the Dungeon
  3187 | D:5      | Reached XP level 7. HP: 35/35 MP: 8/8
  3240 | D:5      | Noticed Ijyb
  3242 | D:5      | 3242 ||| FLEEEEING.
  3245 | D:5      | 3245 ||| FLEEEEING.
  3252 | D:5      | Killed Ijyb
  3299 | D:5      | Found a runed translucent door.
  3300 | D:5      | Noticed Crazy Yiuf
  3337 | D:5      | HP: 8/35 [burnt (4)]
  3339 | D:5      | HP: 3/35 [burnt (3)]
  3340 | D:5      | Incinerated by a bombardier beetle

Levels and vault maps discovered:
D:1:      wander_arrival_peaceful_grave, layout_loops_cross,
          shapermc_ecumenical_altar_petra
D:2:      layout_loops_ring, basic_altar, kennysheep_generic_room_11,
          uniq_sigmund
D:3:      layout_loops_ring, tso_metal_star, ebering_ghost_disaster_area
D:4:      layout_basic, minitemple, serial_shops, nicolae_shop_peninsula
D:5:      layout_gridville, serial_glass, glass_columns_a, glass_columns_a,
          item_on_display_a, minivault_27, minmay_statues_item,
          grunt_ministairs_8, uniq_ijyb, uniq_crazy_yiuf_cottage

Skill      XL: |  1  2  3  4  5  6  7 |
---------------+----------------------+-----
Dodging        | 3 4 5 6 7 |  7.0
Ranged Weapons | 6 7 |  7.1
Fighting       | 2 |  2.4
Stealth        | |  1.5

Action                     |  1- 3 |  4- 6 |  7- 9 || total
---------------------------+-------+-------+-------++-------
   Fire: Shortbow          |    89 |   118 |    29 ||   236
    Use: Scroll            |     3 |     7 |       ||    10
         Potion            |       |     1 |       ||     1
 Armour: Robe              |    10 |    10 |       ||    20
  Dodge: Dodged            |    22 |    27 |     2 ||    51

Table legend:
 A = Non-vault XP
 B = Vault XP
 C = Vault XP percentage of total XP
 D = Non-vault monster count
 E = Vault monster count
 F = Vault count percentage of total count
                 A         B        C        D         E       F
            +---------+---------+-------+---------+---------+-------
      Total |     700 |     262 |  27.2 |      66 |       4 |   5.7
            +---------+---------+-------+---------+---------+-------
        D:1 |      23 |       0 |   0.0 |      15 |       0 |   0.0
        D:2 |      30 |     227 |  88.3 |      15 |       3 |  16.7
        D:3 |      79 |       0 |   0.0 |      14 |       0 |   0.0
        D:4 |     334 |       0 |   0.0 |      16 |       0 |   0.0
        D:5 |     234 |      35 |  13.0 |       6 |       1 |  14.3
            +---------+---------+-------+---------+---------+-------
